 Dungeon Crawl Stone Soup version 0.28.0-45-g0d030f2227 (webtiles) character file.

Game seed: 4087639615888412496

375 Cykl0x the Digger (level 6, -2/32 HPs)
             Began as a Gargoyle Earth Elementalist on Apr 19, 2022.
             Slain by Sheol's ghost (12 damage)
             ... on level 4 of the Dungeon.
             The game lasted 00:09:16 (4968 turns).

Cykl0x the Digger (Gargoyle Earth Elementalist)     Turns: 4968, Time: 00:09:16

Health: -2/32      AC:  7    Str: 12    XL:     6   Next: 72%
Magic:  4/11       EV: 16    Int: 17    God:
Gold:   135        SH:  0    Dex: 10    Spells: 8/12 levels left

rFire   . . .      SeeInvis .   q - +0 mace
rCold   . . .      Faith    .   (no shield)
rNeg    + . .      Spirit   .   b - +0 robe
rPois   ∞          Reflect  .   h - +0 helmet
rElec   +          Harm     .   (no cloak)
rCorr   .          Rampage  .   (no gloves)
Will    .....                   (no boots)
Stlth   ++........              (no amulet)
HPRegen 0.10/turn               i - +4 ring of evasion
MPRegen 0.12/turn               (no ring)

@: no status effects
A: sickness immunity, AC +4, negative energy resistance 1, electricity
resistance, torment resistance 1, petrification resistance
a: no special abilities


You were on level 4 of the Dungeon.
You visited 1 branch of the dungeon, and saw 4 of its levels.

You collected 135 gold pieces.

Inventory:

Hand Weapons
 e - a +0 dagger
 f - a +0 club
 q - a +0 mace (weapon)
 r - a +0 whip
Missiles
 c - 65 stones
Armour
 b - a +0 robe (worn)
 h - a +0 helmet (worn)
 n - a +0 ring mail
Jewellery
 i - a +4 ring of evasion (left hand)
 o - a ring of magical power
Wands
 l - a wand of flame (13)
Scrolls
 a - 2 scrolls of vulnerability
 k - a scroll of immolation
Potions
 d - a potion of brilliance {unknown}
 g - 2 potions of curing
 j - a potion of might
 m - a potion of cancellation
 p - a potion of flight {unknown}
 s - a potion of resistance {unknown}


   Skills:
 + Level 0.1 Fighting
 + Level 0.4 Maces & Flails
 + Level 2.1 Dodging
 - Level 2.1 Stealth
 + Level 3.9 Spellcasting
 * Level 3.2 Conjurations
 - Level 0.7 Transmutations
 + Level 5.9 Earth Magic


You had 8 spell levels left.
You knew the following spells:

 Your Spells              Type           Power      Damage    Failure   Level
a - Sandblast             Erth           46%        2d11      1%          1
b - Stone Arrow           Conj/Erth      36%        3d9       8%          3

Your spell library contained the following spells:

 Spells                   Type           Power      Damage    Failure   Level
 Passwall                 Tmut/Erth      11%        N/A       6%          2
 Sting                    Tmut/Pois      16%        1d3       14%         1
 Animate Skeleton         Necr           6%         N/A       16%         1
 Pain                     Necr           12%        1d4       16%         1
 Poisonous Vapours        Pois/Air       6%         N/A       24%         2
 Petrify                  Tmut/Erth      14%        N/A       38%         4
 Vampiric Draining        Necr           3%         2d6       43%         3
 Olgreb's Toxic Radiance  Pois           3%         N/A       85%         4
 Summon Lightning Spire   Summ/Air       3%         N/A       85%         4
 Storm Form               Tmut/Air       2%         N/A       100%        7
 Maxwell's Capacitive Co  Air            1%         ∞         100%        8


Dungeon Overview and Level Annotations

Branches:
Dungeon (4/15)
 Temple: D:4-7

Altars:

Annotations:
D:4 Sheol's ghost, novice MiFi


Innate Abilities, Weirdness & Mutations

You are immune to sickness and miasma.
Your stone body is resilient. (AC +4)
You are immune to poison.
You resist negative energy. (rN+)
You are resistant to electric shocks. (rElec)
You are resistant to unholy torment.
You are immune to petrification.


Message History

Okay, then.
r - a +0 whip (weapon)
Unknown command.
q - a +0 mace (weapon)
There is a stone staircase leading up here.
There is a stone staircase leading down here.
Found a hunting sling.
Found an escape hatch in the ceiling.
Sheol's ghost turns its malevolent gaze towards you.
You open the gate. The bullfrog skeleton hits you.
The blast of sand hits the bullfrog skeleton!
The bullfrog skeleton is heavily damaged.
The bullfrog skeleton hits you but does no damage.
The blast of sand misses Sheol's ghost.
The blast of sand hits the water moccasin skeleton!!
The water moccasin skeleton is heavily damaged.
The blast of sand misses Sheol's ghost.
The blast of sand hits the water moccasin skeleton!
The water moccasin skeleton is almost destroyed.
Sheol's ghost hits you but does no damage.
The blast of sand hits Sheol's ghost but does no damage.
Sheol's ghost closely misses you.
The blast of sand hits Sheol's ghost but does no damage.
Sheol's ghost hits you.
The blast of sand hits Sheol's ghost but does no damage.
Sheol's ghost hits you.
The blast of sand hits Sheol's ghost!
Sheol's ghost is lightly damaged.
Sheol's ghost hits you.
The blast of sand hits Sheol's ghost but does no damage.
Sheol's ghost is lightly damaged.
Sheol's ghost hits you!
You are too injured to fight recklessly!
You are too injured to fight recklessly!
You are too injured to fight recklessly!
You closely miss Sheol's ghost.
Sheol's ghost is lightly damaged.
Sheol's ghost hits you!
You die...

...### #................# # ####
###### ##..............## # #
##....## #####.##..###### #
##......# #..#### ## #.......#
#..# #. ##.......# #..##### #.
#........# #......########
##........########...........###
##..............@WZZ.............
................##ZZ.........####
...........########Z..........#
#..........# #...........#
#..........# ##..........#
..........## ###'''###...#
..........# #.......#..##
.........## ##.....##.##
.....>..## #.......###


You could see Sheol's ghost, 2 water moccasin skeletons, 2 bullfrog skeletons
and a howler monkey skeleton.

Vanquished Creatures
  A necrophage (D:4)
  2 centaur skeletons (D:4)
  A bullfrog skeleton (D:4)
  An orc wizard (D:3)
  Ijyb (D:3)
  Robin (D:1)
  5 adders
  An adder skeleton (D:4)
  2 worms (D:2)
  2 dart slugs
  6 orcs
  12 endoplasms
  3 giant cockroaches
  11 goblins
  9 hobgoblins
  3 quokkas (D:1)
  5 ball pythons
  7 bats
  3 frilled lizards
  6 kobolds
  3 rats
85 creatures vanquished.

Notes
Turn   | Place    | Note
-------+----------+-------------------------------------------
     0 | D:1      | Cykl0x the Gargoyle Earth Elementalist began the quest for
                  | the Orb.
     0 | D:1      | Reached XP level 1. HP: 10/10 MP: 3/3
   309 | D:1      | Reached skill level 4 in Earth Magic
   309 | D:1      | Reached XP level 2. HP: 15/15 MP: 3/5
   918 | D:2      | Noticed Robin
   976 | D:1      | Reached skill level 1 in Conjurations
   976 | D:1      | Reached XP level 3. HP: 7/19 MP: 1/6
  1354 | D:1      | Killed Robin
  1490 | D:1      | Learned a level 3 spell: Stone Arrow
  1698 | D:2      | Reached XP level 4. HP: 17/24 MP: 1/7
  1984 | D:2      | Found a faded altar of an unknown god.
  2515 | D:3      | Noticed Ijyb
  2521 | D:3      | Paralysed by Ijyb for 4 turns
  2529 | D:3      | Paralysed by Ijyb for 5 turns
  2830 | D:3      | Reached skill level 5 in Earth Magic
  2830 | D:3      | Reached XP level 5. HP: 11/28 MP: 0/9
  3238 | D:3      | Paralysed by Ijyb for 7 turns
  3253 | D:3      | Killed Ijyb
  3364 | D:4      | Noticed a necrophage
  3370 | D:4      | Killed a necrophage
  3371 | D:4      | Reached XP level 6. HP: 32/32 MP: 4/11
  3500 | D:4      | Found a runed translucent gate.
  3500 | D:4      | Found a runed translucent gate.
  3501 | D:4      | Found a runed translucent gate.
  3506 | D:4      | Noticed Sheol's ghost (novice MiFi)
  4968 | D:4      | Slain by Sheol's ghost

Illustrated notes

Levels and vault maps discovered:
D:1:      psy_arrival_spokes, layout_basic, minivault_24, solitary_fountain,
          minmay_split_cup_small
D:2:      layout_rooms, shapermc_ecumenical_altar_pompeii, uniq_robin
D:3:      layout_rooms, kennysheep_generic_room_8, uniq_ijyb
D:4:      layout_cave_pods, serial_glass, glass_columns_c, glass_columns_c,
          gammafunk_ghost_necromancy, st_stairs_1

Skill      XL: |  1  2  3  4  5  6 |
---------------+-------------------+-----
Earth Magic    | 4 5 |  5.9
Conjurations   | 1 2 3 |  3.2
Dodging        | 2 |  2.1
Spellcasting   | 3 |  3.9
Fighting       | |  0.1
Maces & Flails | |  0.4
Stealth        | |  2.1
Transmutations | |  0.7

Action                   |  1- 3 |  4- 6 || total
-------------------------+-------+-------++-------
Melee: Dagger            |     7 |       ||     7
       Club              |    10 |    22 ||    32
       Punch             |       |     2 ||     2
       Mace              |       |     1 ||     1
 Cast: Sandblast         |    52 |    49 ||   101
       Stone Arrow       |     3 |    38 ||    41
  Use: Scroll            |       |    10 ||    10
Armor: Robe              |    26 |    15 ||    41
Dodge: Dodged            |    71 |    36 ||   107
